 Dungeon Crawl Stone Soup version 0.27-a0-401-gea03ee85fd (webtiles) character file.

Game seed: 1553467595537598582

3 gruber the Twirler (level 1, 23/23 HPs)
             Began as a Gnoll Wanderer on Feb 21, 2021.
             Quit the game on level 1 of the Dungeon.
             The game lasted 00:00:11 (168 turns).

gruber the Twirler (Gnoll Wanderer)                  Turns: 168, Time: 00:00:12

Health: 23/23      AC:  2    Str:  9    XL:     1   Next: 50%
Magic:  1/1        EV: 12    Int: 13    God:
Gold:   0          SH:  0    Dex: 11    Spells: 0/0 levels left

rFire    . . .     SeeInvis .   a - +2 quarterstaff
rCold    . . .     Faith    .   (shield currently unavailable)
rNeg     . . .     Spirit   .   c - +0 robe
rPois    .         Reflect  .   (no helmet)
rElec    .         Harm     .   (no cloak)
rCorr    .         Rampage  .   (no gloves)
Will     .....                  (no boots)
Stlth    ++........             (no amulet)
HPRegen  0.07/turn              (no ring)
MPRegen  0.07/turn              (no ring)

@: no status effects
A: distributed training, fangs 1, strong nose
a: no special abilities


You were on level 1 of the Dungeon.
You visited 1 branch of the dungeon, and saw 1 of its levels.

Inventory:

Hand Weapons
 a - a +2 quarterstaff (weapon)
Armour
 c - a +0 robe (worn)
Scrolls
 e - a scroll of enchant armour {unknown}
 f - a scroll of teleportation {unknown}
Potions
 b - 2 potions of curing
 d - a potion of berserk rage {unknown}


   Skills:
 + Level 6.4 Fighting
 + Level 0.0 Short Blades
 + Level 0.0 Long Blades
 + Level 0.0 Axes
 + Level 0.0 Maces & Flails
 + Level 0.0 Polearms
 + Level 6.4 Staves
 + Level 0.0 Slings
 + Level 0.0 Bows
 + Level 0.0 Crossbows
 + Level 0.0 Throwing
 + Level 0.0 Armour
 + Level 2.3 Dodging
 + Level 2.1 Stealth
 + Level 2.3 Shields
 + Level 0.0 Unarmed Combat
 + Level 0.0 Spellcasting
 + Level 0.0 Conjurations
 + Level 0.0 Hexes
 + Level 0.0 Summonings
 + Level 0.0 Necromancy
 + Level 0.0 Translocations
 + Level 0.0 Transmutations
 + Level 0.0 Fire Magic
 + Level 0.0 Ice Magic
 + Level 0.0 Air Magic
 + Level 0.0 Earth Magic
 + Level 0.0 Poison Magic
 + Level 0.1 Invocations
 + Level 2.3 Evocations


You couldn't memorise any spells.
You didn't know any spells.
Your spell library was empty.

Dungeon Overview and Level Annotations

Branches:
Dungeon (1/15)

Altars:


Innate Abilities, Weirdness & Mutations

Your experience applies equally to all skills.
You have very sharp teeth.
Your uncanny sense of smell can sniff out nearby items.


Message History

A hobgoblin comes into view.
A hobgoblin is nearby!
A hobgoblin comes into view. It is wielding a +0 club.
The hobgoblin shouts!
You hear a shout!
A kobold comes into view.
The hobgoblin shouts!
The kobold shouts!
The hobgoblin closely misses you.
The hobgoblin hits you but does no damage.
Found a scroll labelled NYNGON DEKAOT.
You sock the hobgoblin!
You kill the hobgoblin!
The hobgoblin hits you but does no damage.
You hit the hobgoblin but do no damage. You closely miss the hobgoblin.
The hobgoblin hits you with a +0 club.
You closely miss the kobold. The kobold hits you.
The hobgoblin closely misses you.
You sock the kobold!
You kill the kobold!
The hobgoblin completely misses you.
You sock the hobgoblin!
You kill the hobgoblin!
No target in view!
No target in view!
No target in view!
No target in view!
No target in view!
No target in view!
No target in view!
No target in view!
No target in view!
No target in view!
No target in view!
No target in view!
No target in view!
No target in view!
HP restored.
Things that are here:
2 stones; a kobold corpse
f - a scroll labelled NYNGON DEKAOT Are you sure you want to abandon this character and quit the game? (Confirm with "yes".)

#.# #.# #.# #.#
..# #.# .$..+
#.# ....# #.#
#....#
####@#####....#
#.............#
####.#......##
###......###..
#...........
#......#####.#
#....()##.....
#.............
#......#...#####


There were no monsters in sight!

Vanquished Creatures
  2 hobgoblins (D:1)
  A kobold (D:1)
3 creatures vanquished.

Notes
Turn   | Place    | Note
-------+----------+-------------------------------------------
     0 | D:1      | gruber the Gnoll Wanderer began the quest for the Orb.
     0 | D:1      | gruber set off with the following items: a +2 quarterstaff,
                  | 2 potions of curing, a +0 robe
     0 | D:1      | Reached XP level 1. HP: 23/23 MP: 1/1
   168 | D:1      | Quit the game

Illustrated notes

Levels and vault maps discovered:
D:1:      psy_arrival_dodecagon, layout_basic, minmay_misc_feat_plants

Action                   || total
-------------------------++-------
Melee: Quarterstaff      ||     6
Armor: Robe              ||     2
Dodge: Dodged            ||     3

Table legend: (Time is in decaauts)
 A = Elapsed time spent in this place.
 B = Non-inter-level travel time spent in this place.
 C = Inter-level travel time spent in this place.
 D = Time resting spent in this place.
 E = Time spent auto-exploring this place.
 F = Levels seen in this place.
 G = Mean time per level.
                   A        B        C        D        E       F      G
               +--------+--------+--------+--------+--------+-----+--------+
         Total |    168 |    168 |      0 |      0 |    150 |   1 |  168.0 |
       Dungeon |    168 |    168 |      0 |      0 |    150 |   1 |  168.0 |
               +--------+--------+--------+--------+--------+-----+--------+

Top non-repeatable levels by time:
     D:1: 168 daAuts
